 Dungeon Crawl Stone Soup version 0.22-b1-26-g9dbaab1 (webtiles) character file.

122 Helmschank the Sneak (level 4, -8/22 HPs)
             Began as a Spriggan Assassin on Aug 6, 2018.
             Was an Initiate of Dithmenos.
             Killed from afar by an orc wizard (9 damage)
             ... with a magic dart
             ... on level 2 of the Dungeon.
             The game lasted 00:09:09 (2121 turns).

Helmschank the Sneak (Spriggan Assassin)            Turns: 2121, Time: 00:09:12

Health: -8/22      AC:  3    Str:  7    XL:     4   Next: 78%
Magic:  5/5        EV: 17    Int: 12    God:    Dithmenos [......]
Gold:   42         SH:  0    Dex: 18    Spells: 3/3 levels left

rFire    . . .     SeeInvis +   b - +0 blowgun
rCold    . . .     Gourm    .   (shield restricted)
rNeg     . . .     Faith    .   c - +0 robe
rPois    .         Spirit   .   (helmet restricted)
rElec    .         Reflect  .   d - +0 cloak
rCorr    .         Harm     .   (gloves unavailable)
MR       .....                  (boots unavailable)
Stlth    ++++......             (no amulet)
HPRegen  0.07/turn              (no ring)
MPRegen  0.09/turn              (no ring)

@: slowed, quick
A: very small, unfitting armour, see invisible, herbivore, speed 3, slow
metabolism 2
a: Renounce Religion


You were on level 2 of the Dungeon.
You worshipped Dithmenos.
Dithmenos was noncommittal.
You were not hungry.

You visited 1 branch of the dungeon, and saw 3 of its levels.

You collected 42 gold pieces.

Inventory:

Hand Weapons
 a - a +2 dagger
 b - a +0 blowgun (weapon)
 p - a +0 short sword
Missiles
 e - 4 poisoned needles
 f - 7 curare-tipped needles (quivered)
 i - 24 stones
Armour
 c - a +0 robe (worn)
 d - a +0 cloak (worn)
Scrolls
 k - 2 scrolls of fog {unknown}
 l - 3 scrolls of amnesia {unknown}
 m - 3 scrolls of enchant armour {unknown}
 q - a scroll of teleportation {unknown}
 r - 2 scrolls of identify {unknown}
Potions
 h - a potion of degeneration {unknown}
 j - a potion of brilliance {unknown}
 n - a potion of cancellation {unknown}
 o - 2 potions of flight {unknown}
 s - a potion of lignification {unknown}
 t - a potion of might {unknown}
Comestibles
 g - 6 rations


   Skills:
 - Level 1.5 Fighting
 * Level 4.4 Short Blades
 - Level 2.0 Throwing
 - Level 1.5 Dodging
 + Level 7.5 Stealth


You had 3 spell levels left.
You didn't know any spells.
Your spell library was empty.

Dungeon Overview and Level Annotations

Branches:
Dungeon (3/15)

Altars:
Cheibriados
Dithmenos
Kikubaaqudgha


Innate Abilities, Weirdness & Mutations

You are very small and have problems with some larger weapons.
You are too small for most types of armour.
You have supernaturally acute eyesight. (SInv)
You are a herbivore.
You cover ground extremely quickly.
You need to consume almost no food.


Message History

Firing (i - inventory. (/) - cycle)
f - 9 curare-tipped needles (quivered)
Press: ? - help, Shift-Dir - straight line, f - orc wizard
Aim: an orc wizard, wielding a dagger and wearing a robe (fast)
You shoot a curare-tipped needle.
The curare-tipped needle hits the orc wizard.
The orc wizard is poisoned.
The orc wizard convulses.
The orc wizard seems to slow down.
The orc wizard is moderately wounded.
The orc wizard misses you.
Firing (i - inventory. (/) - cycle)
f - 8 curare-tipped needles (quivered)
Press: ? - help, Shift-Dir - straight line, f/p - orc wizard
Aim: an orc wizard, wielding a dagger and wearing a robe (heavily wounded, fast+slow, poisoned)
You shoot a curare-tipped needle.
The curare-tipped needle closely misses the orc wizard.
The orc wizard gestures at you while chanting.
The magic dart hits you!
* * * LOW HITPOINT WARNING * * *
The orc wizard gestures at you while chanting.
The magic dart hits you!
You die...

#.###........## #.##........)
#.##..##......#####.##.########
#.##..............#....#
#.##...⌠..≈≈≈.....######
#.##.#....≈≈≈.....#
#.##.##...≈≈≈≈....#
#.##.##...≈≈≈.....#
#....#..≈≈≈≈≈≈....#
###..#.≈..≈.≈o@.###
#..#._.....⌠..# #..#....##...##
#..########.## ####### ####
##..........# #.....# #...
############ #.....# #...
#.....###... #.....+.'...
#.....###...


You could see an orc wizard.

Vanquished Creatures
  An orc priest (D:3)
  3 adders (D:2)
  A shadow imp (D:2)
  An ooze (D:3)
  A worm (D:2)
  A dart slug (D:1)
  5 orcs
  6 giant cockroaches
  5 goblins
  2 hobgoblins
  3 jackals (D:2)
  6 kobolds
  2 quokkas (D:2)
  A ball python (D:2)
  3 bats
  2 frilled lizards (D:2)
  4 rats
47 creatures vanquished.

Notes
Turn   | Place    | Note
-------+----------+-------------------------------------------
     0 | D:1      | Helmschank the Spriggan Assassin began the quest for the Orb.
     0 | D:1      | Reached XP level 1. HP: 10/10 MP: 2/2
    66 | D:1      | Reached skill level 6 in Stealth
   192 | D:1      | Reached XP level 2. HP: 14/14 MP: 3/3
   432 | D:2      | Found a snail-covered altar of Cheibriados.
   649 | D:2      | Reached XP level 3. HP: 14/18 MP: 4/4
   900 | D:2      | Found a shadowy altar of Dithmenos.
   909 | D:2      | Became a worshipper of Dithmenos the Shadowed
   950 | D:2      | Reached skill level 7 in Stealth
  1372 | D:2      | Reached XP level 4. HP: 20/22 MP: 5/5
  1382 | D:2      | Found an ancient bone altar of Kikubaaqudgha.
  1838 | D:3      | Noticed an orc warrior
  2121 | D:2      | HP: 1/22 [orc wizard/magic dart (7)]
  2121 | D:2      | Killed from afar by an orc wizard

Skill      XL: |  1  2  3  4 |
---------------+-------------+-----
Stealth        | 6 7 |  7.5
Short Blades   | 3 4 |  4.4
Fighting       | |  1.5
Throwing       | |  2.0
Dodging        | |  1.5

Action                   |  1- 3 |  4- 6 || total
-------------------------+-------+-------++-------
Melee: Dagger            |    78 |    58 ||   136
 Fire: Blowgun           |     5 |    34 ||    39
Throw: Stone             |    20 |     8 ||    28
 Stab: Sleeping          |     7 |     1 ||     8
Armor: Robe              |    10 |     5 ||    15
Dodge: Dodged            |    44 |    36 ||    80
